 Dungeon Crawl Stone Soup version 0.30-b1-2-g02819fbbbe (webtiles) character file.

Game seed: 3006042948791009970

14826 prikolics the Spear-Bearer (level 12, 0/104 HPs)
             Began as a Naga Warper on Aug 11, 2023.
             Was a Priest of Cheibriados.
             Slain by a wolf (9 damage)
             ... on level 1 of the Lair of Beasts on Aug 12, 2023.
             The game lasted 02:26:50 (13167 turns).

prikolics the Spear-Bearer (Naga Warper)           Turns: 13167, Time: 02:26:51

Health: 0/104      AC: 13    Str: 26    XL:     12   Next: 20%
Magic:  15/18      EV: 13    Int: 24    God:    Cheibriados [***...]
Gold:   721        SH:  5    Dex: 23    Spells: 12/21 levels left

rFire   . . .        N - +5 battleaxe (freeze)
rCold   x . .        (shield currently unavailable)
rNeg    . . .        R - +0 troll leather armour
rPois   +            q - +0 helmet
rElec   .            C - +1 cloak of Death's Door {rC- Int+3 Slay+3 SInv}
rCorr   .            (no gloves)
SInv    +            (no barding)
Will    +....        k - amulet of reflection
Stlth   ++++         g - +4 ring of protection
HPRegen 1.17/turn    n - +6 ring of strength
MPRegen 0.16/turn

%: reflection
@: mighty, very slightly contaminated, invisible, very slow
A: AC +4, large, see invisible, deformed body, poison resistance, slowness 2,
spit poison 1, naga tail 1, agile 1, dopey 1, low MP 1
a: Spit Poison, Renounce Religion, Bend Time, Temporal Distortion


You were on level 1 of the Lair of Beasts.
You worshipped Cheibriados.
Cheibriados was most pleased with you.
You visited 3 branches of the dungeon, and saw 15 of its levels.

You collected 851 gold pieces.
You spent 130 gold pieces at shops.

Inventory:

Hand Weapons
 a - a +0 spear
 c - a +3 trident
 e - a +0 flail of protection
 J - a +0 shortbow
 N - a +5 battleaxe of freezing (weapon)
 W - a +0 war axe of flaming
Missiles
 d - 8 boomerangs of dispersal
 f - a throwing net
 h - 6 atropa-tipped darts
 o - 111 stones
 p - 3 silver boomerangs
 v - 6 curare-tipped darts
 w - 21 poisoned darts (quivered)
 U - 3 boomerangs
 Z - 3 javelins
Armour
 b - a +0 leather armour
 l - a +0 cloak
 q - a +0 helmet (worn)
 C - the +1 cloak of Death's Door (worn) {rC- Int+3 Slay+3 SInv}
   (You found it on level 5 of the Dungeon)

   Int:       It affects your intelligence (+3).
   Slay:      It affects your accuracy & damage with ranged weapons and melee
   (+3).
   rC:        It makes you vulnerable to cold.
   SInv:      It lets you see invisible.
 P - a +1 ring mail of fire resistance
 R - a +0 troll leather armour (worn)
Jewellery
 g - a +4 ring of protection (left hand)
 k - an amulet of reflection (around neck)
 n - a +6 ring of strength (right hand)
 s - a ring of protection from fire
 H - a ring of ice
 V - a ring of flight
Wands
 E - a wand of flame (13)
 F - a wand of digging (5)
 G - a wand of light (17)
 K - a wand of polymorph (3)
 O - a wand of roots (12)
Scrolls
 j - 3 scrolls of fog
 m - 2 scrolls of amnesia
 t - 2 scrolls of teleportation
 u - 3 scrolls of butterflies
 x - a scroll of immolation
 y - 2 scrolls of silence
 A - 2 scrolls of magic mapping
 Q - a scroll of poison {unknown}
 S - a scroll of enchant armour {unknown}
Potions
 i - 2 potions of attraction
 B - 3 potions of curing
 D - 3 potions of flight
 L - a potion of magic
 T - a potion of berserk rage
 X - a potion of lignification {unknown}
 Y - a potion of cancellation {unknown}


   Skills:
 + Level 5.9 Fighting
 + Level 6.7(8.8) Axes
 + Level 8.6(9.7) Polearms
 + Level 5.9 Throwing
 - Level 0.7 Armour
 + Level 5.7 Dodging
 + Level 6.4 Stealth
 - Level 0.1 Shields
 + Level 5.4 Spellcasting
 * Level 5.3 Conjurations
 + Level 6.7 Translocations
 * Level 5.7 Earth Magic
 + Level 0.4 Evocations


You had 12 spell levels left.
You knew the following spells:

 Your Spells              Type           Power      Damage    Failure   Level
a - Blink                 Tloc           76%        N/A       1%          2
b - Stone Arrow           Conj/Erth      66%        3d11      3%          3
c - Passage of Golubria   Tloc           38%        N/A       6%          4

Your spell library contained the following spells:

 Spells                   Type           Power      Damage    Failure   Level
 Apportation              Tloc           76%        N/A       1%          1
 Sandblast                Erth           66%        2d15      1%          1
 Lesser Beckoning         Tloc           76%        N/A       1%          2
 Teleport Other           Tloc           38%        N/A       1%          3
 Passwall                 Tmut/Erth      16%        N/A       4%          2
 Manifold Assault         Tloc           38%        N/A       6%          4
 Vhi's Electric Charge    Tloc/Air       44%        N/A       7%          3
 Hailstorm                Conj/Ice       19%        3d6       10%         3
 Scorch                   Fire           12%        2d6       14%         2
 Tukima's Dance           Hex            6%         N/A       28%         3
 Flame Wave               Conj/Fire      19%        2d7       30%         4
 Summon Forest            Summ/Tloc      11%        N/A       54%         5
 Ice Form                 Ice/Tmut       6%         N/A       67%         4
 Alistair's Intoxication  Tmut/Pois      4%         N/A       95%         5
 Yara's Violent Unravell  Hex/Tmut       3%         3d4       95%         5
 Eringya's Noxious Bog    Tmut/Pois      3%         N/A       100%        6
 Simulacrum               Ice/Necr       3%         N/A       100%        6
 Summon Cactus Giant      Summ           3%         N/A       100%        6
 Summon Hydra             Summ           3%         N/A       100%        7


Dungeon Overview and Level Annotations

Branches:
Dungeon (12/15)            Temple (1/1) D:4            Lair (2/5) D:10
  Swamp (0/4) Lair:2          Orc (0/2) D:10
  Snake: Lair:2-3    Spider: Lair:2-3

Altars:
Ashenzari
Cheibriados
Dithmenos
Elyvilon
Fedhas
Gozag
Hepliaklqana
Kikubaaqudgha
Makhleb
Nemelex Xobeh
Okawaru
Qazlal
Ru
Sif Muna
Trog
Uskayaw
Vehumet
Wu Jian
Xom
Yredelemnul
Zin
The Shining One

Shops:
D:2 ?   D:11 *

Portals:
Gauntlet: Lair:2

Annotations:
D:11 1 runed translucent door


Innate Abilities, Weirdness & Mutations

Your serpentine skin is tough. (AC +4)
You have supernaturally acute eyesight. (SInv)
Armour fits poorly on your strangely shaped body.
Your system is resistant to poisons. (rPois)
You cover ground very slowly.
You can spit poison.
You have a snake-like lower body.
You are agile. (Dex +4, Str/Int -1)
You are dopey. (Int -2)
Your magical capacity is low. (-10% MP)


Message History

The wolf misses you. The wolf barely misses you. x2
You block the wolf's attack. The wolf barely misses you. The wolf bites you.
* * * LOW HITPOINT WARNING * * *
As you read the scroll of fear, it crumbles to dust.
You assume a fearsome visage.
The bog body is unaffected.
The basilisk looks frightened!
The wolf looks frightened! x5
The wolf bites the fungus.
The fungus begins to die.
The wolf bites the fungus!
Cornered, the wolf turns to fight!
The bog body gestures at you while chanting.
The bolt of cold misses you.
The bog body points at the wolf and mumbles some strange words.
The bolt of cold hits the wolf!!
The wolf dies!
The bolt of cold hits you.
You feel a terrible chill!
* * * LOW HITPOINT WARNING * * *
A nearby fungus withers and dies.
You hear the beating of a drum nearby.
There is a stone staircase leading up here.
You climb upwards.
Found 9 stones.
There is a stone staircase leading down here.
There are monsters nearby!
The wolf howls! x2
The wolf bites you but does no damage. The wolf barely misses you.
The wolf bites you but does no damage. The wolf attacks as you move away!
You block the wolf's attack. The wolf barely misses you.
The wolf bites you but does no damage. The wolf completely misses you.
The wolf bites you but does no damage.
A wyvern comes into view.
The wolf closely misses you.
The wolf bites you but does no damage. x2
The wolf bites you!
* * * LOW HITPOINT WARNING * * *
The wolf bites you.
* * * LOW HITPOINT WARNING * * *
The wyvern moves out of view.
A bullfrog comes into view.
Found a potion of curing.
The wolf bites you but does no damage. You block the wolf's attack.
The wolf bites you but does no damage. The wolf bites you!
You die...

. .. ####
8(.# #..##
...#.8.##
#.....#
+..>h8#
#..hh@#
##.8h#.#
###.#.#
.....
....l.
.......
..8..
.........
....
....#......
... .....
.....!F ...
#


You could see 4 wolves and a bullfrog (asleep).

Vanquished Creatures
  3 two-headed ogres
  2 boulder beetles
  A death yak (D:9)
  Pikel (D:6)
  An ugly thing (D:8)
  2 cyclopes
  An elephant (D:9)
  3 kobold demonologists
  2 trolls (D:9)
  A hornet (D:9)
  11 yaks
  A wraith (D:10)
  Eustachio (D:6)
  3 basilisks
  A wyvern (D:11)
  2 vampire mosquitoes (D:11)
  A water moccasin (D:6)
  An acid dragon (D:10)
  3 ice beasts
  6 orc warriors
  A sky beast (D:6)
  A black bear (D:8)
  3 ogres
  4 centaurs
  11 kobold brigands
  2 lemures (D:6)
  2 gnoll sergeants
  10 scorpions
  7 wights
  6 killer bees
  12 howler monkeys
  2 jellies
  An orc priest (D:8)
  2 gnoll boudas
  6 iguanas
  7 orc wizards
  Robin (D:2)
  10 adders
  34 gnolls
  2 white imps (D:6)
  An ufetubus (D:5)
  2 worms
  2 dart slugs
  40 orcs
  3 bats
  An endoplasm (D:1)
  3 giant cockroaches
  17 goblins
  11 hobgoblins
  12 jackals
  5 quokkas
  5 ball pythons
  4 frilled lizards
  49 kobolds
  7 rats
333 creatures vanquished.

Vanquished Creatures (others)
  A wolf (Lair:2)
  4 fungi
  A plant (D:10)
6 creatures vanquished.

Grand Total: 339 creatures vanquished

Notes
Turn   | Place    | Note
-------+----------+-------------------------------------------
     0 | D:1      | prikolics the Naga Warper began the quest for the Orb.
     0 | D:1      | Reached XP level 1. HP: 19/19 MP: 3/3
    92 | D:1      | Reached XP level 2. HP: 22/26 MP: 5/5
    95 | D:1      | Learned a level 2 spell: Blink
   469 | D:1      | You fall into a shaft and drop 1 floor!
   555 | D:2      | Reached skill level 1 in Stealth
   560 | D:2      | Reached skill level 1 in Throwing
   570 | D:2      | Reached XP level 3. HP: 26/32 MP: 6/6
  1216 | D:2      | Noticed Robin
  1372 | D:2      | Gained mutation: Your magical capacity is low. (-10% MP)
                  | [potion of mutation]
  1372 | D:2      | Gained mutation: You expend magic power (3 MP) to
                  | strengthen your wands. [potion of mutation]
  1372 | D:2      | Gained mutation: You are clumsy. (Dex -2) [potion of
                  | mutation]
  1517 | D:2      | Killed Robin
  1518 | D:2      | Reached XP level 4. HP: 13/39 MP: 6/6
  1850 | D:2      | Found Zoiliuh's Magic Scroll Shop.
  1856 | D:2      | Bought a scroll of identify for 26 gold pieces
  2150 | D:3      | Found a faded altar of an unknown god.
  2429 | D:3      | Reached XP level 5. HP: 45/45 MP: 7/7
  2442 | D:3      | Reached skill level 3 in Polearms
  2617 | D:3      | Noticed a kobold brigand
  2617 | D:3      | Noticed a kobold brigand
  2664 | D:4      | Found a staircase to the Ecumenical Temple.
  2723 | Temple   | Entered the Ecumenical Temple
  2949 | Temple   | Reached XP level 6. HP: 50/55 MP: 5/8
  3005 | Temple   | Lost mutation: You are clumsy. (Dex -2) [potion of
                  | mutation]
  3005 | Temple   | Lost mutation: You expend magic power (3 MP) to strengthen
                  | your wands. [potion of mutation]
  3005 | Temple   | Gained mutation: You are agile. (Dex +4, Str/Int -1)
                  | [potion of mutation]
  3005 | Temple   | Gained mutation: You are dopey. (Int -2) [potion of
                  | mutation]
  3359 | D:4      | Reached XP level 7. HP: 61/61 MP: 9/9
  3440 | D:4      | Reached skill level 4 in Polearms
  4253 | D:3      | Reached XP level 8. HP: 66/69 MP: 11/11
  4280 | D:3      | Reached skill level 5 in Polearms
  4290 | D:3      | Reached skill level 5 in Translocations
  4845 | D:5      | Entered Level 5 of the Dungeon
  5503 | D:5      | Reached skill level 5 in Stealth
  5570 | D:5      | Identified the +1 cloak of Death's Door {rC- Int+3 Slay+3
                  | SInv}
  5818 | D:6      | Reached XP level 9. HP: 78/78 MP: 8/13
  5967 | D:6      | Noticed Eustachio
  5976 | D:6      | Noticed Pikel
  5982 | D:6      | Killed Eustachio
  5983 | D:6      | Reached skill level 6 in Polearms
  7276 | D:8      | Reached skill level 7 in Polearms
  7432 | D:8      | Noticed a two-headed ogre
  7447 | D:8      | Killed a two-headed ogre
  7448 | D:8      | Reached XP level 10. HP: 80/87 MP: 8/15
  7455 | D:8      | Learned a level 3 spell: Stone Arrow
  7559 | D:8      | Reached skill level 1 in Conjurations
  7570 | D:8      | Reached skill level 8 in Polearms
  7579 | D:8      | Reached skill level 1 in Earth Magic
  7678 | D:8      | Noticed a white ugly thing
  7705 | D:8      | Learned a level 4 spell: Passage of Golubria
  7898 | D:6      | Killed Pikel
  7899 | D:6      | Reached skill level 5 in Fighting
  7899 | D:6      | Reached skill level 5 in Dodging
  8351 | D:8      | Killed a white ugly thing
  8352 | D:8      | Reached skill level 5 in Throwing
  8695 | D:8      | Found a snail-covered altar of Cheibriados.
  8695 | D:8      | Found a glowing silver altar of Zin.
  8695 | D:8      | Found a glowing golden altar of the Shining One.
  8695 | D:8      | Found a broken altar of Ashenzari.
  8699 | D:8      | Became a worshipper of Cheibriados the Contemplative
  8748 | D:8      | Reached skill level 1 in Axes
  9227 | D:9      | Noticed a kobold demonologist
  9229 | D:9      | Noticed a sun demon
  9234 | D:9      | Noticed an orange demon
  9241 | D:9      | HP: 1/88 [orange demon[a kobold demonologist] (10)]
  9512 | D:9      | Killed a kobold demonologist
  9656 | D:8      | Reached * piety under Cheibriados
  9663 | D:9      | Reached XP level 11. HP: 96/96 MP: 16/16
 10062 | D:9      | Noticed a cyclops
 10067 | D:9      | Killed a cyclops
 10239 | D:9      | Noticed a two-headed ogre
 10248 | D:9      | Killed a two-headed ogre
 10643 | D:2      | Bought a scroll of identify for 26 gold pieces
 10643 | D:2      | Bought a scroll of identify for 26 gold pieces
 10643 | D:2      | Bought a scroll of identify for 26 gold pieces
 10643 | D:2      | Bought a scroll of identify for 26 gold pieces
 10800 | D:10     | Entered Level 10 of the Dungeon
 10806 | D:10     | Noticed a death yak
 10832 | D:9      | Killed a death yak
 10873 | D:10     | Found a staircase to the Lair.
 10892 | D:9      | Reached skill level 5 in Spellcasting
 11051 | D:10     | Reached ** piety under Cheibriados
 11067 | D:10     | Noticed a centaur warrior
 11067 | D:10     | Noticed a centaur warrior
 11067 | D:10     | Noticed a tengu warrior
 11098 | D:10     | Reached skill level 5 in Axes
 11146 | D:10     | Found a staircase to the Orcish Mines.
 11262 | D:11     | Noticed a two-headed ogre
 11268 | D:11     | Killed a two-headed ogre
 11269 | D:11     | Reached skill level 5 in Earth Magic
 11277 | D:11     | Noticed a boulder beetle
 11283 | D:11     | Killed a boulder beetle
 11287 | D:11     | Noticed a cyclops
 11292 | D:11     | Killed a cyclops
 11538 | D:11     | Found Gusush's CLEARANCE SALE!.
 11831 | D:11     | Reached skill level 5 in Conjurations
 11931 | D:11     | Found a runed translucent door.
 11933 | D:11     | Noticed a balrug
 12264 | D:12     | Reached *** piety under Cheibriados
 12298 | D:12     | Reached XP level 12. HP: 93/104 MP: 17/17
 12857 | D:10     | Noticed a boulder beetle
 12871 | D:10     | Killed a boulder beetle
 13091 | Lair:1   | Entered Level 1 of the Lair of Beasts
 13133 | Lair:1   | You fall into a shaft and drop 1 floor!
 13138 | Lair:2   | Noticed a seven-headed hydra
 13142 | Lair:2   | Found a gate leading to a gauntlet.
 13142 | Lair:2   | Found a staircase to the Swamp.
 13154 | Lair:2   | HP: 3/104 [wolf (8)]
 13167 | Lair:1   | Slain by a wolf

Illustrated notes

Levels and vault maps discovered:
D:1:      dpeg_arrival_refuge, layout_basic, amcnicky_mini_rare_corridor_liquid
D:2:      layout_loops_cross, serial_shops, shop_statue,
          nicolae_underground_beach, uniq_robin
D:3:      minmay_goblin_kobold_castle, layout_loops_ring,
          hellmonk_ecumenical_altar_blasted
D:4:      layout_cave_pools, minmay_temple_entry_mist
D:5:      minmay_inner_zag, layout_cave_pools
D:6:      layout_basic, minmay_misc_feat_enclosed, amcnicky_mini_pool_medium,
          uniq_pikel, uniq_eustachio
D:7:      layout_cave_pools, kennysheep_donut
D:8:      wander_river, layout_basic, chequers_temple_overflow_statue_of_worship
D:9:      layout_irregular_city
D:10:     minmay_the_grid_triangle_9x9_rhombus_full
          [minmay_the_grid_triangle_9x9_flanged_cone,
          minmay_the_grid_triangle_9x9_odd_lines,
          minmay_the_grid_triangle_9x9_subtriangle,
          minmay_the_grid_triangle_9x9_descending_squares,
          minmay_the_grid_triangle_9x9_checkered,
          minmay_the_grid_triangle_9x9_minimal,
          minmay_the_grid_triangle_9x9_thin_v,
          minmay_the_grid_triangle_9x9_prize_insulated], layout_loops_cross,
          david_lair_generic, david_orc_4, kennysheep_just_a_vault
D:11:     dreamdust_dug_too_deep, layout_basic, nicolae_shop_clearance
D:12:     layout_loops_ring
Temple:   compressed_dpeg_circular_temple
Lair:1:   layout_misc_corridors, serial_bayou_shore_a, grunt_megastairs_3
Lair:2:   layout_hall_layers, skrybe_swamp_entry_bodies,
          nicolae_spider_entry_tight_spaces, gauntlet_entry_generic,
          st_stairs_7, infiniplex_staircase_pool_2

Skill      XL: |  1  2  3  4  5  6  7  8  9 10 11 |
---------------+----------------------------------+-----
Stealth        | 1 2 3 4 5 6 |  6.4
Throwing       | 1 3 4 5 |  5.9
Dodging        | 2 3 4 5 |  5.7
Polearms       | 3 4 5 7 8 |  8.6
Translocations | 4 5 6 |  6.7
Fighting       | 3 4 5 |  5.9
Spellcasting   | 3 4 5 |  5.4
Conjurations   | 3 5 |  5.3
Earth Magic    | 3 5 |  5.7
Axes           | 3 6 |  6.7
Armour         | |  0.7
Shields        | |  0.1
Evocations     | |  0.4

Action                     |  1- 3 |  4- 6 |  7- 9 | 10-12 || total
---------------------------+-------+-------+-------+-------++-------
  Melee: Spear             |   126 |     2 |       |       ||   128
         Punch             |     2 |       |     8 |     1 ||    11
         Trident           |       |   125 |   336 |    61 ||   522
         Battleaxe         |       |       |       |   177 ||   177
  Throw: Dart              |     6 |     3 |    86 |    44 ||   139
         Stone             |       |    18 |     5 |     6 ||    29
         Boomerang         |       |       |     8 |    44 ||    52
         Throwing net      |       |       |       |     2 ||     2
         Javelin           |       |       |       |     3 ||     3
   Cast: Blink             |       |    13 |    21 |    30 ||    64
         Passage of Golubr |       |       |       |     2 ||     2
         Stone Arrow       |       |       |       |     9 ||     9
 Invoke: Bend Time         |       |       |       |     1 ||     1
Ability: Spit Poison       |    37 |    62 |   109 |    89 ||   297
  Evoke: Wand              |       |       |     1 |     3 ||     4
    Use: Scroll            |     1 |    10 |     9 |    11 ||    31
         Potion            |     1 |     3 |     3 |     5 ||    12
   Stab: Invisible         |     1 |       |       |       ||     1
         Sleeping          |       |     1 |     9 |     4 ||    14
 Armour: Leather armour    |    79 |   191 |   174 |    34 ||   478
         Ring mail         |       |       |       |    48 ||    48
         Troll leather arm |       |       |       |   102 ||   102
  Dodge: Dodged            |    85 |   215 |   190 |   289 ||   779
  Block: Other             |       |       |       |    97 ||    97
         Reflection        |       |       |       |     2 ||     2
